YL
LANE COVE FLAMES @ PADDINGTON WORKERS
06/09/2022
 
TOP OF THE 1ST
Lane Cove Flames batting - Pitching for Paddington Workers : RHP Braedon Townend
Pitching: RHP Braedon Townend
Batting: LHB Dylan Hokulani 0-0: Ball
1-0: Swinging Strike
1-1: Ball
2-1: Foul Ball, location: 3F
2-2: Ball
3-2: Ground out 1-3 (Groundball, 15S, EV 66.3 MPH)
Batting: RHB Gerard Crump 0-0: Called Strike
0-1: Foul Ball, location: 2F
0-2: Ball
1-2: Ball
2-2: SINGLE (Line Drive, 8LS, EV 91.3 MPH)
Batting: LHB O.D. Inions 0-0: SINGLE (Flyball, 34D, EV 91.3 MPH)
Gerard Crump to second
Batting: RHB Rudy Abercrombie 0-0: Ball
1-0: Ball
2-0: Ball
3-0: Base on Balls
Gerard Crump to third
O.D. Inions to second
Batting: RHB Liam Scarborough 0-0: Ball
1-0: Swinging Strike
1-1: Called Strike
1-2: Strikes out swinging
Batting: RHB Zayne Freegard 0-0: Fielders Choice at 2nd, 6-4 (Groundball, 6, EV 91.9 MPH)
Top of the 1st over - 0 runs, 2 hits, 0 errors, 3 left on base; Lane Cove 0 - Paddington 0
BOTTOM OF THE 1ST
Paddington Workers batting - Pitching for Lane Cove Flames : RHP Damien Sutherland
Pitching: RHP Damien Sutherland
Batting: RHB Noel Dye 0-0: Called Strike
0-1: Foul Ball, location: 2F
0-2: Ball
1-2: Fly out, F8 (Flyball, 8LD, EV 95.0 MPH)
Batting: LHB Ray Bebbington 0-0: Ball
1-0: Called Strike
1-1: SINGLE (Line Drive, 8RS, EV 103.8 MPH)
Batting: SHB Quentin Anthony 0-0: SINGLE (Line Drive, 8RS, EV 88.1 MPH)
Ray Bebbington to second
Runner from 2nd tries for 3rd, SAFE, no throw by CF
Batting: LHB Luke Mutton 0-0: Ball
1-0: Called Strike
1-1: Ball
2-1: Ball
3-1: Foul Ball, location: 2F
3-2: 3-RUN HOME RUN (Flyball, 7D, EV 105.0 MPH), Distance : 391 ft
Batting: LHB Tony Trippas 0-0: Called Strike
0-1: Ball
1-1: Ball
2-1: Ball
3-1: Foul Ball, location: 23F
3-2: Base on Balls
Batting: SHB David Collins 0-0: Called Strike
0-1: Foul Ball, location: 2F
0-2: Foul Ball, location: 2F
0-2: 2-RUN HOME RUN (Flyball, 89XD, EV 107.5 MPH), Distance : 389 ft
Batting: RHB Jamie Newth 0-0: Ball
1-0: Called Strike
1-1: Ball
2-1: SINGLE (Line Drive, 8RS, EV 105.0 MPH)
Batting: LHB Vern Miles 0-0: Ball
Jamie Newth is caught stealing 2nd base 2-6
1-0: Swinging Strike
1-1: Ball
2-1: Ball
3-1: Foul Ball, location: 7LSF
3-2: Fly out, F8 (Flyball, 8LXD, EV 98.1 MPH)
Bottom of the 1st over - 5 runs, 5 hits, 0 errors, 0 left on base; Lane Cove 0 - Paddington 5
TOP OF THE 2ND
Lane Cove Flames batting - Pitching for Paddington Workers : RHP Braedon Townend
Batting: LHB Alan Ruggles 0-0: Called Strike
0-1: Swinging Strike
0-2: Foul Ball, location: 7LDF
0-2: Ball
1-2: Ball
2-2: Fly out, F8 (Flyball, 89M, EV 91.9 MPH)
Batting: SHB Mark Desforges 0-0: Ground out 3-1 (Groundball, 34, EV 88.1 MPH)
Batting: SHB Hari Allan 0-0: Ball
1-0: Called Strike
1-1: Ball
2-1: Foul Ball, location: 23F
2-2: Foul Ball, location: 7LMF
2-2: Ball
3-2: Foul Ball, location: 7LMF
3-2: Foul Ball, location: 7LDF
3-2: Foul Ball, location: 9LSF
3-2: Foul Ball, location: 2F
3-2: Base on Balls
Batting: LHB Dylan Hokulani 0-0: Ball
1-0: Ball
2-0: Swinging Strike
2-1: SINGLE (Line Drive, 6MD, EV 97.5 MPH)
Hari Allan to second
Batting: RHB Gerard Crump 0-0: Reached via error on a dropped throw from SS, E4 (Groundball, 6, EV 86.9 MPH)
Hari Allan to third
Dylan Hokulani to second
Batting: LHB O.D. Inions 0-0: Ball
1-0: Called Strike
1-1: Ball
2-1: Ball
3-1: Called Strike
3-2: Base on Balls
Hari Allan scores
Dylan Hokulani to third
Gerard Crump to second
Batting: RHB Rudy Abercrombie 0-0: Ball
1-0: Ball
2-0: Fly out, F8 (Line Drive, 8LM, EV 95.6 MPH)
Top of the 2nd over - 1 run, 1 hit, 1 error, 3 left on base; Lane Cove 1 - Paddington 5
BOTTOM OF THE 2ND
Paddington Workers batting - Pitching for Lane Cove Flames : RHP Damien Sutherland
Batting: LHB Robbie Warburton 0-0: Fly out, F8 (Flyball, 8RD, EV 100.6 MPH)
Batting: RHB Noel Dye 0-0: Ball
1-0: Ball
2-0: Ground out 4-3 (Groundball, 4MD, EV 96.9 MPH)
Batting: LHB Ray Bebbington 0-0: Foul Ball, location: 23FF
0-1: Foul Ball, location: 5F
0-2: Foul Ball, location: 2F
0-2: Ball
1-2: Ball
2-2: Ball
3-2: Foul Ball, location: 7LDF
3-2: Ground out 4-3 (Groundball, 4M, EV 83.8 MPH)
Bottom of the 2nd over - 0 runs, 0 hits, 0 errors, 0 left on base; Lane Cove 1 - Paddington 5
TOP OF THE 3RD
Lane Cove Flames batting - Pitching for Paddington Workers : RHP Braedon Townend
Batting: RHB Liam Scarborough 0-0: Ball
1-0: Called Strike
1-1: Called Strike
1-2: Foul Ball, location: 9LDF
1-2: Ball
2-2: Ball
3-2: Fly out, F8 (Flyball, 8RD, EV 76.9 MPH)
Batting: RHB Zayne Freegard 0-0: Foul Ball, location: 5F
0-1: Swinging Strike
0-2: Ball
1-2: Ball
2-2: Hit by Pitch
Batting: LHB Alan Ruggles 0-0: Ground out 4-3 (Groundball, 4, EV 64.4 MPH)
Zayne Freegard to second
Batting: SHB Mark Desforges 0-0: Ball
1-0: Swinging Strike
1-1: Ground out 5-3 (Groundball, 56, EV 87.5 MPH)
Top of the 3rd over - 0 runs, 0 hits, 0 errors, 1 left on base; Lane Cove 1 - Paddington 5
BOTTOM OF THE 3RD
Paddington Workers batting - Pitching for Lane Cove Flames : RHP Damien Sutherland
Batting: SHB Quentin Anthony 0-0: Ball
1-0: Swinging Strike
1-1: Foul Ball, location: 2F
1-2: Ball
2-2: Ball
3-2: Base on Balls
Batting: LHB Luke Mutton 0-0: Ball
Quentin Anthony is caught stealing 2nd base 2-6
1-0: Ball
2-0: Called Strike
2-1: Ball
3-1: Foul Ball, location: 2F
3-2: Base on Balls
Pitching: RHP Mark Alexander
Batting: LHB Tony Trippas 0-0: Called Strike
0-1: Ball
Luke Mutton steals 2nd base
1-1: Foul Ball, location: 5FF
1-2: Strikes out swinging
Batting: SHB David Collins 0-0: Called Strike
0-1: Ball
1-1: Ball
2-1: Foul Ball, location: 2F
2-2: Hit by Pitch
Batting: RHB Jamie Newth 0-0: Ball
1-0: Swinging Strike
1-1: Ground out 6-3 (Groundball, 6MS, EV 86.9 MPH)
Bottom of the 3rd over - 0 runs, 0 hits, 0 errors, 2 left on base; Lane Cove 1 - Paddington 5
TOP OF THE 4TH
Lane Cove Flames batting - Pitching for Paddington Workers : RHP Braedon Townend
Batting: SHB Hari Allan 0-0: Foul Ball, location: 25F
0-1: Ball
1-1: Ball
2-1: Foul Ball, location: 2F
2-2: Strikes out looking
Batting: LHB Dylan Hokulani 0-0: Fly out, F9 (Flyball, 9LS, EV 75.0 MPH)
Batting: RHB Gerard Crump 0-0: Called Strike
0-1: Foul Ball, location: 9LDF
0-2: SINGLE (Line Drive, 78S, EV 103.8 MPH)
Batting: LHB O.D. Inions 0-0: Called Strike
0-1: Ball
1-1: Ball
2-1: Fly out, F2 (Popup, 25F, EV 90.0 MPH)
Top of the 4th over - 0 runs, 1 hit, 0 errors, 1 left on base; Lane Cove 1 - Paddington 5
BOTTOM OF THE 4TH
Paddington Workers batting - Pitching for Lane Cove Flames : RHP Mark Alexander
Batting: LHB Vern Miles 0-0: Called Strike
0-1: Ball
1-1: Ball
2-1: Foul Ball, location: 5F
2-2: Ball
3-2: Strikes out swinging
Batting: LHB Robbie Warburton 0-0: Fly out, F7 (Line Drive, 78M, EV 102.5 MPH)
Batting: RHB Noel Dye 0-0: Called Strike
0-1: Ball
1-1: Ball
2-1: Swinging Strike
2-2: Foul Ball, location: 2F
2-2: Ball
3-2: Base on Balls
Batting: LHB Ray Bebbington 0-0: Called Strike
Noel Dye is caught stealing 2nd base 2-6
Bottom of the 4th over - 0 runs, 0 hits, 0 errors, 0 left on base; Lane Cove 1 - Paddington 5
TOP OF THE 5TH
Lane Cove Flames batting - Pitching for Paddington Workers : RHP Braedon Townend
Batting: RHB Rudy Abercrombie 0-0: Called Strike
0-1: Swinging Strike
0-2: Foul Ball, location: 2F
0-2: Strikes out swinging
Batting: RHB Liam Scarborough 0-0: Ball
1-0: Called Strike
1-1: Hit by Pitch
Batting: RHB Zayne Freegard 0-0: Ball
1-0: Swinging Strike
1-1: Swinging Strike
1-2: SINGLE (Groundball, 56S, EV 67.5 MPH) (infield hit)
Liam Scarborough to second
Batting: LHB Alan Ruggles 0-0: Called Strike
0-1: Called Strike
0-2: Ball
1-2: Ball
2-2: Grounds into double play, 3-6-1 (Groundball, 3, EV 80.0 MPH)
Top of the 5th over - 0 runs, 1 hit, 0 errors, 1 left on base; Lane Cove 1 - Paddington 5
BOTTOM OF THE 5TH
Paddington Workers batting - Pitching for Lane Cove Flames : RHP Mark Alexander
Batting: LHB Ray Bebbington 0-0: Ball
1-0: Swinging Strike
1-1: SINGLE (Groundball, 34D, EV 103.1 MPH)
Batting: SHB Quentin Anthony 0-0: Ball
1-0: Ball
2-0: Ball
Ray Bebbington is caught stealing 2nd base 2-6
3-0: Called Strike
3-1: Called Strike
3-2: Ground out 4-3 (Groundball, 34, EV 106.9 MPH)
Batting: LHB Luke Mutton 0-0: Ball
1-0: TRIPLE (Line Drive, 89XD, EV 110.6 MPH)
Batting: LHB Tony Trippas 0-0: Intentional Walk
Batting: SHB David Collins 0-0: Called Strike
0-1: Swinging Strike
0-2: Foul Ball, location: 2F
0-2: Ball
1-2: Strikes out swinging
Bottom of the 5th over - 0 runs, 2 hits, 0 errors, 2 left on base; Lane Cove 1 - Paddington 5
TOP OF THE 6TH
Lane Cove Flames batting - Pitching for Paddington Workers : RHP Braedon Townend
Batting: SHB Mark Desforges 0-0: Swinging Strike
0-1: Ball
1-1: Swinging Strike
1-2: Ball
2-2: Ball
3-2: Strikes out swinging
Batting: SHB Hari Allan 0-0: Called Strike
0-1: Swinging Strike
0-2: Strikes out looking
Batting: LHB Dylan Hokulani 0-0: Ball
1-0: Called Strike
1-1: Foul Ball, location: 2F
1-2: Ball
2-2: Strikes out looking
Top of the 6th over - 0 runs, 0 hits, 0 errors, 0 left on base; Lane Cove 1 - Paddington 5
BOTTOM OF THE 6TH
Paddington Workers batting - Pitching for Lane Cove Flames : RHP Mark Alexander
Batting: RHB Jamie Newth 0-0: Called Strike
0-1: Called Strike
0-2: Foul Ball, location: 2F
0-2: Foul Ball, location: 9LDF
0-2: Ball
1-2: Ball
2-2: Ball
3-2: Foul Ball, location: 5SF
3-2: Foul Ball, location: 2F
3-2: Ground out 6-3 (Groundball, 56, EV 82.5 MPH)
Batting: LHB Vern Miles 0-0: Ball
1-0: Swinging Strike
1-1: Foul Ball, location: 7LMF
1-2: Ball
2-2: Ground out U3 (Groundball, 3L, EV 110.6 MPH)
Pitching: RHP Keith Fletcher
Batting: LHB Robbie Warburton 0-0: Fly out, F9 (Flyball, 9S, EV 95.0 MPH)
Bottom of the 6th over - 0 runs, 0 hits, 0 errors, 0 left on base; Lane Cove 1 - Paddington 5
TOP OF THE 7TH
Lane Cove Flames batting - Pitching for Paddington Workers : RHP Braedon Townend
Pitching: LHP Ben Cartmell
Batting: RHB Gerard Crump 0-0: Called Strike
0-1: Swinging Strike
0-2: Ball
1-2: Ball
2-2: Foul Ball, location: 5FF
2-2: Foul Ball, location: 7LSF
2-2: Strikes out swinging
Batting: LHB O.D. Inions 0-0: Called Strike
0-1: Foul Ball, location: 7LMF
0-2: Strikes out looking
Batting: RHB Rudy Abercrombie 0-0: Ball
1-0: Called Strike
1-1: Ball
2-1: Ball
3-1: Called Strike
3-2: Strikes out swinging
Top of the 7th over - 0 runs, 0 hits, 0 errors, 0 left on base; Lane Cove 1 - Paddington 5
BOTTOM OF THE 7TH
Paddington Workers batting - Pitching for Lane Cove Flames : RHP Keith Fletcher
Batting: RHB Noel Dye 0-0: Called Strike
0-1: Swinging Strike
0-2: Ball
1-2: Ball
2-2: Foul Ball, location: 2F
2-2: Foul Ball, location: 2F
2-2: Fly out, F8 (Flyball, 8RXD, EV 109.4 MPH)
Batting: LHB Ray Bebbington 0-0: Ball
1-0: Ball
2-0: Ball
3-0: Called Strike
3-1: Base on Balls
Batting: SHB Quentin Anthony 0-0: SINGLE (Line Drive, 8RS, EV 88.8 MPH)
Ray Bebbington to second
Batting: LHB Luke Mutton 0-0: Ball
1-0: Called Strike
Ray Bebbington steals 3rd base
Quentin Anthony to second
1-1: Foul Ball, location: 7LSF
1-2: DOUBLE (Line Drive, 5D, EV 105.6 MPH)
Ray Bebbington scores
Quentin Anthony scores
Batting: LHB Tony Trippas 0-0: Ball
1-0: Called Strike
1-1: Foul Ball, location: 2F
1-2: Ball
2-2: Foul Ball, location: 2F
2-2: Ball
3-2: Fly out, F5 (Popup, 5SF, EV 78.1 MPH)
Batting: SHB David Collins 0-0: Ball
1-0: Called Strike
1-1: SINGLE (Flyball, 56D, EV 90.0 MPH)
Luke Mutton to third
Throwing error, E7
Luke Mutton scores
David Collins to second
Batting: RHB Jamie Newth 0-0: Foul Ball, location: 2F
0-1: Ground out 5-3 (Groundball, 5, EV 101.3 MPH)
Bottom of the 7th over - 3 runs, 3 hits, 1 error, 1 left on base; Lane Cove 1 - Paddington 8
TOP OF THE 8TH
Lane Cove Flames batting - Pitching for Paddington Workers : LHP Ben Cartmell
Batting: RHB Liam Scarborough 0-0: Fly out, F8 (Line Drive, 89M, EV 94.4 MPH)
Batting: RHB Zayne Freegard 0-0: Called Strike
0-1: Ball
1-1: Fly out, F3 (Popup, 23F, EV 88.1 MPH)
Pinch Hitting: RHB Corkie Shoebotham 0-0: Called Strike
0-1: Fly out, F8 (Flyball, 8LD, EV 96.9 MPH)
Top of the 8th over - 0 runs, 0 hits, 0 errors, 0 left on base; Lane Cove 1 - Paddington 8
BOTTOM OF THE 8TH
Paddington Workers batting - Pitching for Lane Cove Flames : RHP Keith Fletcher
Now at 1B: Mark Desforges
Now at 3B: Corkie Shoebotham
Batting: LHB Vern Miles 0-0: Called Strike
0-1: Swinging Strike
0-2: Ball
1-2: Strikes out swinging
Batting: LHB Robbie Warburton 0-0: Swinging Strike
0-1: Ball
1-1: Called Strike
1-2: Strikes out looking
Pinch Hitting: LHB Paul Monroe 0-0: Ball
1-0: Fly out, F8 (Line Drive, 8LM, EV 92.5 MPH)
Bottom of the 8th over - 0 runs, 0 hits, 0 errors, 0 left on base; Lane Cove 1 - Paddington 8
TOP OF THE 9TH
Lane Cove Flames batting - Pitching for Paddington Workers : LHP Ben Cartmell
Now in LF: Paul Monroe
Pinch Hitting: RHB Devin Nicolau 0-0: Called Strike
0-1: Called Strike
0-2: Strikes out swinging
Batting: RHB Chris Raw 0-0: Ball
1-0: Swinging Strike
1-1: Ball
2-1: Ball
3-1: Foul Ball, location: 5SF
3-2: Base on Balls
Pinch Hitting: RHB Alan Carylyon 0-0: Ball
1-0: Called Strike
1-1: Hit by Pitch
Chris Raw to second
Pitching: LHP Andy Bedser
Batting: RHB Gerard Crump 0-0: SINGLE (Line Drive, 89M, EV 98.8 MPH)
Chris Raw to third
Alan Carylyon to second
Pinch Hitting: RHB Phil Langworthy 0-0: Foul Ball, location: 5FF
0-1: Foul Ball, location: 9LMF
0-2: Ball
1-2: Strikes out swinging
Batting: RHB Rudy Abercrombie 0-0: Foul Ball, location: 5DF
0-1: Foul Ball, location: 9LSF
0-2: Strikes out looking
Top of the 9th over - 0 runs, 1 hit, 0 errors, 3 left on base; Lane Cove 1 - Paddington 8
Saturday, May 4th , 2024 - OOTP Baseball 24.9 Build 80